 Dungeon Crawl Stone Soup version 0.21.1-1-g345015fe64 (webtiles) character file.

516 Knicklaso the Slinger (level 7, 0/46 HPs)
             Began as a Halfling Hunter on Apr 10, 2018.
             Was a Follower of Qazlal.
             Succumbed to a worker ant's poison
             ... on level 4 of the Dungeon.
             The game lasted 00:09:05 (4070 turns).

Knicklaso the Slinger (Halfling Hunter)             Turns: 4070, Time: 00:09:05

Health: 0/46       AC:  5    Str: 14    XL:     7   Next: 44%
Magic:  9/9        EV: 16    Int: 10    God:    Qazlal [*.....]
Gold:   134        SH:  2    Dex: 15    Spells: 6/6 levels left

rFire    . . .     SeeInvis .   a - +1 hunting sling
rCold    . . .     Gourm    .   (shield restricted)
rNeg     . . .     Faith    .   c - +0 leather armour
rPois    .         Spirit   .   (no helmet)
rElec    .         Reflect  .   s - +0 cloak
rCorr    .         Harm     .   p - +0 pair of gloves
MR       .....                  (no boots)
Stlth    +.........             (no amulet)
HPRegen  0.15/turn              (no ring)
MPRegen  0.11/turn              (no ring)

@: lethally poisoned (0 -> -11)
A: small, mutation resistance 1
a: Renounce Religion


You were on level 4 of the Dungeon.
You worshipped Qazlal.
Qazlal was aware of your devotion.
You were hungry.

You visited 1 branch of the dungeon, and saw 5 of its levels.

You collected 134 gold pieces.

Inventory:

Hand Weapons
 a - a +1 hunting sling (weapon)
 b - a +1 dagger of venom
Missiles
 d - 37 sling bullets
 e - 125 stones (quivered)
Armour
 c - a +0 leather armour (worn)
 p - a +0 pair of gloves (worn)
 s - a +0 cloak (worn)
Jewellery
 n - a cursed amulet of inaccuracy {unknown}
Scrolls
 g - 4 scrolls of teleportation {unknown}
 h - 2 scrolls of enchant armour {unknown}
 k - a scroll of blinking {unknown}
 o - a scroll of enchant weapon {unknown}
 q - a scroll of remove curse {unknown}
 t - a scroll of magic mapping {unknown}
 u - a scroll of fog {unknown}
 w - 3 scrolls of identify {unknown}
 y - a scroll of random uselessness {unknown}
 z - a scroll of immolation {unknown}
Potions
 i - 3 potions of curing {unknown}
 j - a potion of might {unknown}
 l - 4 potions of lignification {unknown}
 m - a potion of degeneration {unknown}
 r - 2 potions of magic {unknown}
 v - a potion of heal wounds
 x - a potion of cancellation {unknown}
 A - a potion of brilliance {unknown}
 B - a potion of haste {unknown}
Comestibles
 f - 6 rations


   Skills:
 + Level 3.2 Fighting
 * Level 8.8 Slings
 + Level 4.0 Dodging
 - Level 1.1 Stealth
 * Level 3.8 Invocations


You had 6 spell levels left.
You didn't know any spells.

Dungeon Overview and Level Annotations

Branches:
Dungeon (5/15)             Temple (0/1) D:4

Altars:
Ashenzari
Cheibriados
Qazlal
Ru

Shops:
D:4 }

Annotations:
D:3 Fuxmar's ghost, amateur HuWz
D:5 Eustachio


Innate Abilities, Weirdness & Mutations

You are small and have problems with some larger weapons.
You are somewhat resistant to further mutation.


Message History

Firing (i - inventory. (,) - cycle):
e - 128 stones (quivered)
Press: ? - help, Shift-Dir - straight line, f/p - worker ant
Aim: a worker ant (heavily wounded)
You shoot a stone. The stone hits the worker ant.
The worker ant is severely wounded.
* * * LOW HITPOINT WARNING * * *
You feel sick. The worker ant closely misses you.
Firing (i - inventory. (,) - cycle):
e - 127 stones (quivered)
Press: ? - help, Shift-Dir - straight line, f/p - worker ant
Aim: a worker ant (severely wounded)
You shoot a stone.
The stone closely misses the worker ant.
* * * LOW HITPOINT WARNING * * *
You feel sick. You block the worker ant's attack.
Firing (i - inventory. (,) - cycle):
e - 126 stones (quivered)
Press: ? - help, Shift-Dir - straight line, f/p - worker ant
Aim: a worker ant (severely wounded)
You shoot a stone. The stone hits the worker ant.
The worker ant is almost dead.
You die...

# #.# ##.....#..>#.........###
####.#####.....)..##.##.##.######
.........#(...##.รท......##......#
.................#..##..........#
.........#....##.....#####......#
###...........##.......###...(..#
....................##..........#
###...#####....a##########......#
#...## ##....@### #......# ##.#.#
####....#### #......# ...#.#
#.......########### ..##.#
#.####....## #.##.##########.##
#..#..## .................#
##..#..#
........##############.##.#
.......................##.#
..........................#


You could see a worker ant.

Vanquished Creatures
  A phantom (D:4)
  An ogre (D:4)
  A howler monkey (D:4)
  Crazy Yiuf (D:2)
  An iguana (D:4)
  3 worker ants
  A killer bee zombie (D:5)
  4 adders
  3 oozes
  2 worms
  4 dart slugs (D:1)
  A leopard gecko (D:3)
  An orc (D:4)
  A ball python (D:1)
  6 giant cockroaches
  8 goblins
  10 hobgoblins
  12 jackals
  10 kobolds
  A quokka (D:4)
  8 bats
  2 frilled lizards
  A leopard gecko skeleton (D:4)
  9 rats
92 creatures vanquished.

Notes
Turn   | Place    | Note
-------+----------+-------------------------------------------
     0 | D:1      | Knicklaso the Halfling Hunter began the quest for the Orb.
     0 | D:1      | Reached XP level 1. HP: 14/14 MP: 1/1
    52 | D:1      | Reached skill level 6 in Slings
    90 | D:1      | Reached XP level 2. HP: 19/19 MP: 2/2
   300 | D:1      | Found a shattered altar of Ashenzari.
   304 | D:1      | Reached XP level 3. HP: 22/24 MP: 3/3
   791 | D:2      | Reached XP level 4. HP: 29/29 MP: 4/4
   814 | D:2      | Found a sacrificial altar of Ru.
   816 | D:2      | Found a stormy altar of Qazlal.
   829 | D:2      | Became a worshipper of Qazlal Stormbringer
   869 | D:2      | Found a runed door.
   995 | D:2      | Reached skill level 7 in Slings
  1541 | D:2      | Noticed Crazy Yiuf
  1549 | D:2      | Killed Crazy Yiuf
  1549 | D:2      | Reached skill level 1 in Invocations
  1549 | D:2      | Reached XP level 5. HP: 30/35 MP: 5/5
  1603 | D:3      | Noticed Fuxmar's ghost (amateur HuWz)
  2886 | D:3      | Reached * piety under Qazlal
  3268 | D:4      | Reached XP level 6. HP: 41/41 MP: 7/7
  3329 | D:4      | Reached skill level 8 in Slings
  3385 | D:4      | Noticed a phantom
  3412 | D:4      | Killed a phantom
  3497 | D:4      | Found Godwicaz's Gadget Shop.
  3622 | D:4      | Reached XP level 7. HP: 46/46 MP: 9/9
  3690 | D:4      | Found a staircase to the Ecumenical Temple.
  3955 | D:5      | Entered Level 5 of the Dungeon
  3988 | D:5      | Found a snail-covered altar of Cheibriados.
  4016 | D:5      | Noticed Eustachio
  4067 | D:4      | HP: 2/46 [worker ant (3)]
  4070 | D:4      | Succumbed to a worker ant's poison

Skill      XL: |  1  2  3  4  5  6  7 |
---------------+----------------------+-----
Slings         | 6 7 8 |  8.8
Fighting       | 2 3 |  3.2
Dodging        | 3 4 |  4.0
Invocations    | 1 2 3 |  3.8
Stealth        | |  1.1

Action                   |  1- 3 |  4- 6 |  7- 9 || total
-------------------------+-------+-------+-------++-------
 Fire: Hunting sling     |    97 |   249 |    82 ||   428
  Eat: Chunk             |       |     4 |     1 ||     5
       Ration            |       |     1 |       ||     1
Armor: Leather armour    |     7 |    11 |    11 ||    29
Dodge: Dodged            |    22 |    60 |    57 ||   139
Block: Other             |       |     3 |     2 ||     5
